[Event "Team 45 45 League T68"]
[Site "Internet Chess Club"]
[Date "2016.04.03"]
[Round "4"]
[White "Invicta-Knight"]
[Black "pokerram"]
[Result "1/2-1/2"]
[WhiteElo "1628"]
[BlackElo "1618"]
[Opening "Sicilian: Grand Prix attack"]
[ECO "B23"]
[Time "09:03:19"]
[TimeControl "2700+45"]

1. e4 c5 2. Nc3 Nc6 3. f4 g6 4. Bc4 Bg7 5. Nf3 e6 6. O-O Nge7 7. d3 O-O 8. Qe1
Nd4 9. Nxd4 cxd4 10. Nb5 d5 11. Bb3 a6 12. Na3 b5 13. Bd2 Nc6 14. f5 a5 15. exd5
exd5 16. f6 Bxf6 17. Bxd5 Qxd5 18. Rxf6 Bf5 19. Qg3 Kg7 20. Qd6 Qxd6 21. Rxd6 b4
22. Nc4 Rac8 23. Re1 Be6 24. b3 Rfd8 25. Re4 Bxc4 26. Rxd8 Rxd8 27. dxc4 d3 28.
cxd3 Rxd3 29. Re2 Nd4 30. Rf2 f6 31. h3 Nf5 32. Kf1 Ng3+ 33. Ke1 Ne4 34. Re2 f5
35. Bf4 Kf6 36. Rc2 Nc3 37. Rd2 Rxd2 38. Kxd2 Nxa2 39. Bc7 a4 40. bxa4 b3 41. a5
Ke6 42. Bb6 Ke5 43. g3 g5 44. c5 Kd5 45. a6 b2 46. a7 b1=Q 47. a8=Q+ Kc4 48.
Qa6+ Kd5 49. Qa8+ Kc4 50. Qa6+ Kd5 51. Qa8+ {Game drawn by repetition} 1/2-1/2

[Event "Team 45 45 League T68"]
[Site "Internet Chess Club"]
[Date "2016.04.03"]
[Round "4"]
[White "drsigmund1"]
[Black "parrot9"]
[Result "0-1"]
[WhiteElo "1477"]
[BlackElo "1725"]
[Opening "Queen's bishop game"]
[ECO "D00"]
[Time "08:18:07"]
[TimeControl "2700+45"]

1. d4 d5 2. Bf4 Nf6 3. Nf3 e6 4. e3 a6 5. Nbd2 b5 6. Bd3 Bb7 7. O-O Nbd7 8. Ne5
Be7 9. c3 c5 10. Qe2 Rc8 11. Rac1 O-O 12. Nxd7 Qxd7 13. e4 dxe4 14. Nxe4 Bxe4
15. Bxe4 Nxe4 16. Qxe4 cxd4 17. Rfd1 Bf6 18. Be5 Bxe5 19. Qxe5 Rfd8 20. Rxd4
Qxd4 {White resigns} 0-1